| TOP OF THE 1ST |
|
University of Oklahoma Sooners batting - Pitching for Louisiana State University Tigers : LHP Nate Dawn
|
|
Pitching: LHP Nate Dawn
|
|
|
Batting: LHB Alex Benabides
|
0-0: Ball 1-0: Ball 2-0: Ball 3-0: Called Strike 3-1: Called Strike 3-2: Base on Balls
|
|
Batting: RHB Victor Borras
|
0-0: Ball 1-0: Called Strike Alex Benabides is caught stealing 2nd base 2-4 1-1: Ball 2-1: Foul Ball, location: 2F 2-2: Ball 3-2: DOUBLE (Flyball, 8RD, EV 91.9 MPH)
|
|
Batting: RHB Jon Chatman
|
0-0: Ball 1-0: Ball 2-0: Ball 3-0: Base on Balls
|
|
Batting: RHB Jesus Montoya
|
0-0: Called Strike 0-1: Called Strike 0-2: Foul Ball, location: 2F 0-2: Ball 1-2: Strikes out swinging
|
|
Batting: LHB Cameron Marinelli
|
0-0: Foul Ball, location: 2F 0-1: Ball 1-1: Swinging Strike 1-2: Foul Ball, location: 2F 1-2: Ball 2-2: Foul Ball, location: 2F 2-2: Strikes out swinging
|
| Top of the 1st over - 0 runs, 1 hit, 0 errors, 2 left on base; University of Oklahoma 0 - Louisiana State University 0 |
| BOTTOM OF THE 1ST |
|
Louisiana State University Tigers batting - Pitching for University of Oklahoma Sooners : LHP Logan Watson
|
|
Pitching: LHP Logan Watson
|
|
|
Batting: LHB Elijah Mallandain
|
0-0: Called Strike 0-1: Foul Ball, location: 2F 0-2: Ground out U3 (Groundball, 3S, EV 85.0 MPH)
|
|
Batting: RHB D.J. Ganz
|
0-0: Called Strike 0-1: Foul Ball, location: 2F 0-2: Ball 1-2: Ground out 6-3 (Groundball, 6, EV 89.4 MPH)
|
|
Batting: RHB Stewart Walker
|
0-0: Called Strike 0-1: Ball 1-1: Foul Ball, location: 2F 1-2: Ball 2-2: Foul Ball, location: 2F 2-2: Foul Ball, location: 2F 2-2: Ball 3-2: Foul Ball, location: 2F 3-2: Base on Balls
|
|
Batting: RHB Pete Roberts
|
0-0: Ball 1-0: Called Strike 1-1: Foul Ball, location: 2F 1-2: Strikes out swinging
|
| Bottom of the 1st over - 0 runs, 0 hits, 0 errors, 1 left on base; University of Oklahoma 0 - Louisiana State University 0 |
| TOP OF THE 2ND |
|
University of Oklahoma Sooners batting - Pitching for Louisiana State University Tigers : LHP Nate Dawn
|
|
Batting: RHB Eric Peterson
|
0-0: Foul Ball, location: 2F 0-1: SINGLE (Line Drive, 3L, EV 97.5 MPH)
|
|
Batting: LHB Toby Clark
|
0-0: Called Strike 0-1: Foul Ball, location: 2F 0-2: Ball 1-2: Ball 2-2: Ball 3-2: DOUBLE (Flyball, 89D, EV 88.1 MPH) Eric Peterson to third Runner from 3rd tries for Home, SAFE, throw by CF to home
|
|
Batting: RHB Sugiarto Kartosuwiryo
|
0-0: Called Strike 0-1: Ground out 6-3 (Groundball, 6MS, EV 78.8 MPH) Toby Clark to third
|
|
Batting: RHB Sam Mason
|
0-0: Foul Ball, location: 2F 0-1: Called Strike 0-2: Strikes out swinging
|
|
Batting: LHB Alex Benabides
|
0-0: Ball 1-0: Ball 2-0: SINGLE (Line Drive, 56, EV 101.2 MPH) Toby Clark scores
|
|
Batting: RHB Victor Borras
|
0-0: Fly out, F9 (Flyball, 9D, EV 91.9 MPH)
|
| Top of the 2nd over - 2 runs, 3 hits, 0 errors, 1 left on base; University of Oklahoma 2 - Louisiana State University 0 |
| BOTTOM OF THE 2ND |
|
Louisiana State University Tigers batting - Pitching for University of Oklahoma Sooners : LHP Logan Watson
|
|
Batting: RHB Keith Ashton
|
0-0: Ball 1-0: Ball 2-0: Ball 3-0: Base on Balls
|
|
Batting: LHB Matt Ellington
|
0-0: Ball 1-0: Ball 2-0: Called Strike 2-1: Foul Ball, location: 2F 2-2: Ball 3-2: SINGLE (Line Drive, 6D, EV 97.5 MPH) Keith Ashton to second
|
|
Batting: LHB Manny Grado
|
0-0: Ball 1-0: Ball 2-0: Foul Ball, location: 2F 2-1: DOUBLE (Line Drive, 78XD, EV 101.9 MPH) Keith Ashton scores Matt Ellington to third
|
|
Batting: SHB Brian Caruso
|
0-0: Fly out, F3 (Popup, 3SF, EV 71.9 MPH)
|
|
Batting: RHB Byung-hee Jee
|
0-0: Ball 1-0: Ball 2-0: Called Strike 2-1: Foul Ball, location: 2F 2-2: SINGLE (Groundball, 6MD, EV 100.6 MPH) Matt Ellington scores Manny Grado to third Runner from 3rd tries for Home, SAFE, throw by CF to home
|
|
Batting: LHB Elijah Mallandain
|
Pickoff Throw to First - Out! 1-3 0-0: Ball 1-0: Ball 2-0: Called Strike 2-1: Ball 3-1: Fly out, F9 (Line Drive, 9, EV 91.9 MPH)
|
| Bottom of the 2nd over - 3 runs, 3 hits, 0 errors, 0 left on base; University of Oklahoma 2 - Louisiana State University 3 |
| TOP OF THE 3RD |
|
University of Oklahoma Sooners batting - Pitching for Louisiana State University Tigers : LHP Nate Dawn
|
|
Batting: RHB Jon Chatman
|
0-0: Fly out, F4 (Popup, 34, EV 53.1 MPH)
|
|
Batting: RHB Jesus Montoya
|
0-0: Called Strike 0-1: Swinging Strike 0-2: Ball 1-2: Strikes out looking
|
|
Pitching: RHP Sal Ganzalez
|
|
|
Batting: LHB Cameron Marinelli
|
0-0: Foul Ball, location: 2F 0-1: Foul Ball, location: 2F 0-2: Foul Ball, location: 2F 0-2: Ball 1-2: Strikes out swinging, 2-3 out at first.
|
| Top of the 3rd over - 0 runs, 0 hits, 0 errors, 0 left on base; University of Oklahoma 2 - Louisiana State University 3 |
| BOTTOM OF THE 3RD |
|
Louisiana State University Tigers batting - Pitching for University of Oklahoma Sooners : LHP Logan Watson
|
|
Batting: RHB D.J. Ganz
|
0-0: Ball 1-0: Ball 2-0: Ball 3-0: Called Strike 3-1: Ground out 3-1 (Groundball, 34, EV 89.4 MPH)
|
|
Batting: RHB Stewart Walker
|
0-0: Ball 1-0: Ball 2-0: Ball 3-0: Base on Balls
|
|
Batting: RHB Pete Roberts
|
0-0: Called Strike 0-1: Ball 1-1: Ball Stewart Walker steals 2nd base 2-1: Ball 3-1: Base on Balls
|
|
Batting: RHB Keith Ashton
|
0-0: SINGLE (Flyball, 56D, EV 86.9 MPH) Stewart Walker to third Pete Roberts to second
|
|
Batting: LHB Matt Ellington
|
0-0: Grounds into double play, 6-4-3 (Groundball, 6M, EV 83.1 MPH)
|
| Bottom of the 3rd over - 0 runs, 1 hit, 0 errors, 2 left on base; University of Oklahoma 2 - Louisiana State University 3 |
| TOP OF THE 4TH |
|
University of Oklahoma Sooners batting - Pitching for Louisiana State University Tigers : RHP Sal Ganzalez
|
|
Batting: RHB Eric Peterson
|
0-0: Ball 1-0: Fly out, F8 (Line Drive, 8LD, EV 110.6 MPH)
|
|
Batting: LHB Toby Clark
|
0-0: Called Strike 0-1: Ball 1-1: Foul Ball, location: 2F 1-2: Ground out 5-3 (Groundball, 56, EV 86.2 MPH)
|
|
Batting: RHB Sugiarto Kartosuwiryo
|
0-0: Ground out 6-3 (Groundball, 6, EV 103.1 MPH)
|
| Top of the 4th over - 0 runs, 0 hits, 0 errors, 0 left on base; University of Oklahoma 2 - Louisiana State University 3 |
| BOTTOM OF THE 4TH |
|
Louisiana State University Tigers batting - Pitching for University of Oklahoma Sooners : LHP Logan Watson
|
|
Batting: LHB Manny Grado
|
0-0: Foul Ball, location: 2F 0-1: Ball 1-1: Foul Ball, location: 2F 1-2: Ball 2-2: Foul Ball, location: 2F 2-2: Ball 3-2: Foul Ball, location: 2F 3-2: Foul Ball, location: 2F 3-2: Ground out U3 (Groundball, 34, EV 98.8 MPH)
|
|
Batting: SHB Brian Caruso
|
0-0: Ball 1-0: Foul Ball, location: 2F 1-1: Ball 2-1: Foul Ball, location: 2F 2-2: Foul Ball, location: 2F 2-2: Ball 3-2: Foul Ball, location: 2F 3-2: Foul Ball, location: 2F 3-2: Strikes out looking
|
|
Batting: RHB Byung-hee Jee
|
0-0: Called Strike 0-1: Ball 1-1: Ball 2-1: Ball 3-1: SINGLE (Groundball, P, EV 83.1 MPH) (infield hit)
|
|
Batting: LHB Elijah Mallandain
|
0-0: Ball 1-0: Called Strike 1-1: Ball 2-1: Called Strike 2-2: Ball 3-2: Ground out 4-3 (Groundball, 4, EV 105.6 MPH)
|
| Bottom of the 4th over - 0 runs, 1 hit, 0 errors, 1 left on base; University of Oklahoma 2 - Louisiana State University 3 |
| TOP OF THE 5TH |
|
University of Oklahoma Sooners batting - Pitching for Louisiana State University Tigers : RHP Sal Ganzalez
|
|
Batting: RHB Sam Mason
|
0-0: Called Strike 0-1: Ball 1-1: SINGLE (Line Drive, 4D, EV 96.2 MPH)
|
|
Batting: LHB Alex Benabides
|
0-0: Fly out, F5 (Line Drive, 5, EV 70.0 MPH)
|
|
Batting: RHB Victor Borras
|
0-0: Foul Ball, location: 2F 0-1: Foul Ball, location: 2F 0-2: Foul Ball, location: 2F 0-2: Ball 1-2: Strikes out swinging
|
|
Batting: RHB Jon Chatman
|
0-0: Called Strike 0-1: Ball 1-1: Foul Ball, location: 2F 1-2: Foul Ball, location: 2F 1-2: Fielders Choice at 2nd, 5-4 (Groundball, 56, EV 88.1 MPH)
|
| Top of the 5th over - 0 runs, 1 hit, 0 errors, 1 left on base; University of Oklahoma 2 - Louisiana State University 3 |
| BOTTOM OF THE 5TH |
|
Louisiana State University Tigers batting - Pitching for University of Oklahoma Sooners : LHP Logan Watson
|
|
Batting: RHB D.J. Ganz
|
0-0: Ball 1-0: Ball 2-0: Ball 3-0: Called Strike 3-1: Base on Balls
|
|
Batting: RHB Stewart Walker
|
0-0: Fielders Choice at 2nd, 6-4 (Groundball, 6MS, EV 81.9 MPH)
|
|
Batting: RHB Pete Roberts
|
0-0: Foul Ball, location: 2F 0-1: Grounds into double play, 5-4-3 (Groundball, 56S, EV 94.4 MPH)
|
| Bottom of the 5th over - 0 runs, 0 hits, 0 errors, 0 left on base; University of Oklahoma 2 - Louisiana State University 3 |
| TOP OF THE 6TH |
|
University of Oklahoma Sooners batting - Pitching for Louisiana State University Tigers : RHP Sal Ganzalez
|
|
Batting: RHB Jesus Montoya
|
0-0: Called Strike 0-1: Swinging Strike 0-2: Ball 1-2: Foul Ball, location: 2F 1-2: Ground out U3 (Groundball, 3, EV 77.5 MPH)
|
|
Batting: LHB Cameron Marinelli
|
0-0: Called Strike 0-1: Ball 1-1: Foul Ball, location: 2F 1-2: Ball 2-2: Foul Ball, location: 2F 2-2: Foul Ball, location: 2F 2-2: Strikes out swinging
|
|
Batting: RHB Eric Peterson
|
0-0: Ball 1-0: Ground out 3-1 (Groundball, 34, EV 88.1 MPH)
|
| Top of the 6th over - 0 runs, 0 hits, 0 errors, 0 left on base; University of Oklahoma 2 - Louisiana State University 3 |
| BOTTOM OF THE 6TH |
|
Louisiana State University Tigers batting - Pitching for University of Oklahoma Sooners : LHP Logan Watson
|
|
Batting: RHB Keith Ashton
|
0-0: Foul Ball, location: 2F 0-1: Ball 1-1: Called Strike 1-2: Ball 2-2: Foul Ball, location: 2F 2-2: Foul Ball, location: 2F 2-2: Foul Ball, location: 2F 2-2: Strikes out looking
|
|
Batting: LHB Matt Ellington
|
0-0: Foul Ball, location: 2F 0-1: Called Strike 0-2: Foul Ball, location: 2F 0-2: Strikes out swinging
|
|
Batting: LHB Manny Grado
|
0-0: Called Strike 0-1: Ground out 5-3 (Groundball, 56, EV 80.0 MPH)
|
| Bottom of the 6th over - 0 runs, 0 hits, 0 errors, 0 left on base; University of Oklahoma 2 - Louisiana State University 3 |
| TOP OF THE 7TH |
|
University of Oklahoma Sooners batting - Pitching for Louisiana State University Tigers : RHP Sal Ganzalez
|
|
Pitching: LHP Luis Sandoval
|
|
|
Batting: LHB Toby Clark
|
0-0: Ball 1-0: DOUBLE (Flyball, 9LD, EV 110.6 MPH)
|
|
Batting: RHB Sugiarto Kartosuwiryo
|
0-0: Bunt missed! 0-1: Sac Bunt to 5S - play at first, batter OUT! 5-4 Toby Clark to third
|
|
Batting: RHB Sam Mason
|
0-0: Ball 1-0: Swinging Strike 1-1: Ground out 6-3 (Groundball, 6, EV 85.6 MPH)
|
|
Batting: LHB Alex Benabides
|
0-0: Called Strike 0-1: Ball 1-1: Swinging Strike 1-2: Fly out, F8 (Flyball, 8RM, EV 91.2 MPH)
|
| Top of the 7th over - 0 runs, 1 hit, 0 errors, 1 left on base; University of Oklahoma 2 - Louisiana State University 3 |
| BOTTOM OF THE 7TH |
|
Louisiana State University Tigers batting - Pitching for University of Oklahoma Sooners : LHP Logan Watson
|
|
Pitching: RHP Andy Cane
|
|
|
Batting: SHB Brian Caruso
|
0-0: Foul Ball, location: 2F 0-1: Called Strike 0-2: Ball 1-2: Ball 2-2: Foul Ball, location: 2F 2-2: Ball 3-2: Foul Ball, location: 2F 3-2: Strikes out swinging
|
|
Batting: RHB Byung-hee Jee
|
0-0: Ball 1-0: Swinging Strike 1-1: Ball 2-1: Fly out, F9 (Flyball, 9, EV 82.5 MPH)
|
|
Batting: LHB Elijah Mallandain
|
0-0: Ball 1-0: Foul Ball, location: 2F 1-1: Ball 2-1: Ground out 3-1 (Groundball, 34, EV 85.6 MPH)
|
| Bottom of the 7th over - 0 runs, 0 hits, 0 errors, 0 left on base; University of Oklahoma 2 - Louisiana State University 3 |
| TOP OF THE 8TH |
|
University of Oklahoma Sooners batting - Pitching for Louisiana State University Tigers : LHP Luis Sandoval
|
|
Batting: RHB Victor Borras
|
0-0: Reached on error, E2 (Groundball, 2L, EV 68.8 MPH)
|
|
Batting: RHB Jon Chatman
|
0-0: Called Strike 0-1: Ball 1-1: 2-RUN HOME RUN (Flyball, 9LD, EV 103.1 MPH), Distance : 380 ft
|
|
Batting: RHB Jesus Montoya
|
0-0: Called Strike 0-1: Foul Ball, location: 2F 0-2: Ball 1-2: Ball 2-2: Foul Ball, location: 2F 2-2: Ball 3-2: Foul Ball, location: 2F 3-2: Strikes out swinging
|
|
Batting: LHB Cameron Marinelli
|
0-0: Ball 1-0: Swinging Strike 1-1: Called Strike 1-2: Strikes out looking
|
|
Batting: RHB Eric Peterson
|
0-0: Ball 1-0: Ball 2-0: Called Strike 2-1: Called Strike 2-2: Ball 3-2: Base on Balls
|
|
Batting: LHB Toby Clark
|
0-0: Foul Ball, location: 2F 0-1: Ball 1-1: Foul Ball, location: 2F 1-2: Fielders Choice at 2nd, 5-4 (Groundball, 5, EV 108.8 MPH)
|
| Top of the 8th over - 2 runs, 1 hit, 1 error, 1 left on base; University of Oklahoma 4 - Louisiana State University 3 |
| BOTTOM OF THE 8TH |
|
Louisiana State University Tigers batting - Pitching for University of Oklahoma Sooners : RHP Andy Cane
|
|
Batting: RHB D.J. Ganz
|
0-0: Ball 1-0: Foul Ball, location: 2F 1-1: Ball 2-1: Called Strike 2-2: Strikes out looking
|
|
Batting: RHB Stewart Walker
|
0-0: Foul Ball, location: 2F 0-1: Fly out, F7 (Line Drive, 7, EV 94.4 MPH)
|
|
Batting: RHB Pete Roberts
|
0-0: Ball 1-0: Called Strike 1-1: Fly out, F9 (Flyball, 89M, EV 90.0 MPH)
|
| Bottom of the 8th over - 0 runs, 0 hits, 0 errors, 0 left on base; University of Oklahoma 4 - Louisiana State University 3 |
| TOP OF THE 9TH |
|
University of Oklahoma Sooners batting - Pitching for Louisiana State University Tigers : LHP Luis Sandoval
|
|
Pitching: RHP Jeremy Kolb
|
|
|
Batting: RHB Sugiarto Kartosuwiryo
|
0-0: Called Strike 0-1: Swinging Strike 0-2: Ball 1-2: Ball 2-2: Foul Ball, location: 2F 2-2: Ball 3-2: Base on Balls
|
|
Batting: RHB Sam Mason
|
0-0: Called Strike 0-1: Foul Ball, location: 2F 0-2: Ball 1-2: Ball 2-2: Foul Ball, location: 2F 2-2: Ball 3-2: Foul Ball, location: 2F 3-2: Foul Ball, location: 2F 3-2: Fly out, F9 (Flyball, 9, EV 84.4 MPH)
|
|
Batting: LHB Alex Benabides
|
0-0: Called Strike 0-1: Swinging Strike 0-2: Ball 1-2: Foul Ball, location: 2F 1-2: Strikes out swinging
|
|
Batting: RHB Victor Borras
|
0-0: Fielders Choice at 2nd, 5-4 (Groundball, 5, EV 108.1 MPH)
|
| Top of the 9th over - 0 runs, 0 hits, 0 errors, 1 left on base; University of Oklahoma 4 - Louisiana State University 3 |
| BOTTOM OF THE 9TH |
|
Louisiana State University Tigers batting - Pitching for University of Oklahoma Sooners : RHP Andy Cane
|
|
Pitching: RHP Roger Torrez
|
|
|
Batting: RHB Keith Ashton
|
0-0: Ball 1-0: Ball 2-0: Called Strike 2-1: Foul Ball, location: 2F 2-2: Hit by Pitch
|
|
Batting: LHB Matt Ellington
|
0-0: Foul Ball, location: 2F 0-1: Swinging Strike 0-2: Ball 1-2: Foul Ball, location: 2F 1-2: Ball 2-2: Ball 3-2: Foul Ball, location: 2F 3-2: Foul Ball, location: 2F 3-2: Foul Ball, location: 2F 3-2: Strikes out swinging
|
|
Batting: LHB Manny Grado
|
0-0: Called Strike 0-1: Foul Ball, location: 2F 0-2: Foul Ball, location: 2F 0-2: Ball 1-2: Ball 2-2: Strikes out swinging
|
|
Batting: SHB Brian Caruso
|
0-0: Called Strike 0-1: SINGLE (Flyball, 8LS, EV 101.2 MPH) Keith Ashton to second Runner from 2nd tries for 3rd, OUT! 8-5
|
| Bottom of the 9th over - 0 runs, 1 hit, 0 errors, 1 left on base; University of Oklahoma 4 - Louisiana State University 3 |
|